 Dungeon Crawl Stone Soup version 0.25-a0-565-g8875c97ebb (webtiles) character file.

Game seed: 13581382701979056895, levelgen mode: deterministic

53 Flugslaktarn the Covered (level 3, -2/34 HPs)
             Began as a Deep Dwarf Fighter on Feb 26, 2020.
             Killed by nerve-wracking pain
             ... invoked by an orc priest
              (11 damage)
             ... on level 3 of the Dungeon.
             The game lasted 00:00:29 (243 turns).

Flugslaktarn the Covered (Deep Dwarf Fighter)        Turns: 243, Time: 00:00:30

Health: -2/34      AC:  8    Str: 20    XL:     3   Next: 64%
Magic:  0/0        EV:  7    Int:  8    God:
Gold:   12         SH:  9    Dex: 12    Spells: 2/2 levels left

rFire    . . .     SeeInvis .   a - +0 war axe
rCold    . . .     Gourm    .   c - +0 kite shield
rNeg     . . .     Faith    .   b - +0 scale mail
rPois    .         Spirit   .   (no helmet)
rElec    .         Reflect  .   (no cloak)
rCorr    .         Harm     .   (no gloves)
MR       .....                  f - +0 pair of boots
Stlth    ..........             (no amulet)
HPRegen  0.00/turn              (no ring)
MPRegen  0.07/turn              (no ring)

@: non-regenerating
A: damage resistance, heal wounds, sense surroundings 1, no regeneration
a: Heal Wounds


You were on level 3 of the Dungeon.
You were not hungry.

You visited 1 branch of the dungeon, and saw 3 of its levels.

You collected 12 gold pieces.

Inventory:

Hand Weapons
 a - a +0 war axe (weapon)
Armour
 b - a +0 scale mail (worn)
 c - a +0 kite shield (worn)
 f - a +0 pair of boots (worn)
   (You found it on level 1 of the Dungeon)
Potions
 d - a potion of might
 h - a potion of brilliance {unknown}
 i - a potion of haste {unknown}
Comestibles
 e - 2 rations
 g - 6 chunks of flesh


   Skills:
 * Level 3.2 Fighting
 * Level 3.1 Axes
 + Level 3.6 Armour
 + Level 3.6 Shields


You had 2 spell levels left.
You didn't know any spells.
Your spell library was empty.

Dungeon Overview and Level Annotations

Branches:
Dungeon (3/15)

Altars:


Innate Abilities, Weirdness & Mutations

You are resistant to damage.
You can heal yourself by infusing magical energy.
You passively map a small area around you.
You do not regenerate.


Message History

The orc priest is severely wounded.
You hit the orc priest.
Your shield and scale mail prevent you from hitting the orc priest.
The orc priest calls down the wrath of Beogh upon you.
Beogh smites you!
The orc priest calls upon Beogh to heal the orc priest.
The orc priest is healed somewhat.
The orc priest invokes the aid of Beogh against you.
Pain shoots through your body!
The orc priest calls down the wrath of Beogh upon you.
Beogh smites you!
* * * LOW HITPOINT WARNING * * *
You are too injured to fight recklessly!
Your shield and scale mail prevent you from hitting the orc priest.
The orc priest is severely wounded.
You hit the orc priest. You closely miss the orc priest.
You block the orc priest's attack. The orc priest barely misses you.
The orc priest invokes the aid of Beogh against you.
Pain shoots through your body!
You die...

, , , ... , , ,
* , #.# * , ,
#.# * # # #.# #*
* , #.#., #.#.#
* * #....
#.#.#####
#.....#o†......
* ,
.../)..@o......
, *
##...##o#......,
, #. ,*#.# #.###
, , * * #.# # ,,
#.# * , , , #.#
* * , ..# , * ,
,.## * * * , *,,


You could see 3 orc priests.

Vanquished Creatures
  3 adders (D:2)
  2 worms
  6 orcs
  2 bats
  A goblin (D:2)
  A hobgoblin (D:3)
  A kobold (D:2)
  A rat (D:2)
17 creatures vanquished.

Notes
Turn   | Place    | Note
-------+----------+-------------------------------------------
     0 | D:1      | Flugslaktarn the Deep Dwarf Fighter began the quest for the
                  | Orb.
     0 | D:1      | Reached XP level 1. HP: 20/20 MP: 1/1
    99 | D:2      | Reached XP level 2. HP: 21/27 MP: 2/2
   149 | D:2      | Reached XP level 3. HP: 30/34 MP: 3/3
   243 | D:3      | Killed from afar by an orc priest

Levels and vault maps discovered:
D:1:      tarquinn_simple_flora_water_b, layout_loops_ring,
          kennysheep_nondescript, minmay_quantized
D:2:      layout_basic, lemuel_blue_sif_altar, first_ration, minmay_pentomino_s2
D:3:      layout_basic, grunt_qazlal_clouds, trog_wizard

Skill      XL: |  1  2  3 |
---------------+----------+-----
Fighting       | 3 |  3.2
Axes           | 3 |  3.1
Armour         | |  3.6
Shields        | |  3.6

Action                   || total
-------------------------++-------
Melee: War axe           ||    55
 Abil: Heal Wounds       ||     9
Armor: Scale mail        ||    42
Dodge: Dodged            ||    31
Block: Kite shield       ||    55

Table legend:
 A = Non-vault XP
 B = Vault XP
 C = Vault XP percentage of total XP
 D = Non-vault monster count
 E = Vault monster count
 F = Vault count percentage of total count
                 A         B        C        D         E       F
            +---------+---------+-------+---------+---------+-------
      Total |      73 |       4 |   5.2 |      15 |       2 |  11.8
            +---------+---------+-------+---------+---------+-------
        D:1 |       2 |       0 |   0.0 |       1 |       0 |   0.0
        D:2 |      58 |       4 |   6.5 |      10 |       2 |  16.7
        D:3 |      13 |       0 |   0.0 |       4 |       0 |   0.0
            +---------+---------+-------+---------+---------+-------
